TOP OF THE 1ST |
Hartford Yard Goats batting - Pitching for Dayton Dragons : RHP Gil Villanueva
|
Pitching: RHP Gil Villanueva
|
|
Batting: RHB Matt Fabre
|
0-0: Ground out U3 (Groundball, 3, EV 104.4 MPH)
|
Batting: LHB Steve Gilliam
|
0-0: Foul Ball, location: 2F 0-1: DOUBLE (Flyball, 8LXD, EV 96.2 MPH)
|
Batting: RHB Ernest Olkowicz
|
0-0: Ball Steve Gilliam steals 3rd base (no throw) 1-0: Ball 2-0: Called Strike 2-1: Foul Ball, location: 2F 2-2: Foul Ball, location: 2F 2-2: Ball 3-2: Ground out U3 (Groundball, 34, EV 92.5 MPH) Steve Gilliam scores
|
Batting: LHB Zack Guillen
|
0-0: Called Strike 0-1: Foul Ball, location: 2F 0-2: Ball 1-2: Fly out, F4 (Popup, 34S, EV 76.9 MPH)
|
Top of the 1st over - 1 run, 1 hit, 0 errors, 0 left on base; Hartford 1 - Dayton 0 |
BOTTOM OF THE 1ST |
Dayton Dragons batting - Pitching for Hartford Yard Goats : RHP Zach Sommer
|
Pitching: RHP Zach Sommer
|
|
Batting: RHB Danny Real
|
0-0: Ball 1-0: Called Strike 1-1: SINGLE (Flyball, 34D, EV 95.0 MPH)
|
Batting: RHB Randy Grewe
|
0-0: Called Strike 0-1: Called Strike Danny Real steals 2nd base 0-2: Strikes out swinging
|
Batting: LHB Keith Egan
|
0-0: Called Strike 0-1: Ball 1-1: Swinging Strike 1-2: Ball 2-2: Strikes out swinging
|
Batting: SHB Tim Utz
|
0-0: Ball 1-0: Ball 2-0: Ball 3-0: Base on Balls
|
Batting: RHB Mark Williams
|
0-0: Ball 1-0: Foul Ball, location: 2F 1-1: Fielders Choice at 2nd, 5-4 (Groundball, 56D, EV 83.1 MPH)
|
Bottom of the 1st over - 0 runs, 1 hit, 0 errors, 2 left on base; Hartford 1 - Dayton 0 |
TOP OF THE 2ND |
Hartford Yard Goats batting - Pitching for Dayton Dragons : RHP Gil Villanueva
|
Batting: LHB Eric Ludwig
|
0-0: Called Strike 0-1: Called Strike 0-2: Ball 1-2: Fly out, F9 (Flyball, 89M, EV 94.4 MPH)
|
Batting: LHB Mike Clark
|
0-0: Ground out U3 (Groundball, 34, EV 110.0 MPH)
|
Batting: RHB Max Schellekens
|
0-0: Called Strike 0-1: Ground out 4-3 (Groundball, 4, EV 105.0 MPH)
|
Top of the 2nd over - 0 runs, 0 hits, 0 errors, 0 left on base; Hartford 1 - Dayton 0 |
BOTTOM OF THE 2ND |
Dayton Dragons batting - Pitching for Hartford Yard Goats : RHP Zach Sommer
|
Batting: RHB Frank Moron
|
0-0: Ball 1-0: Ball 2-0: Called Strike 2-1: Foul Ball, location: 2F 2-2: Foul Ball, location: 2F 2-2: Ground out 5-3 (Groundball, 56S, EV 85.0 MPH)
|
Batting: SHB Alex Morales
|
0-0: Ball 1-0: Foul Ball, location: 2F 1-1: Ball 2-1: Ball 3-1: SINGLE (Line Drive, 8LS, EV 91.9 MPH)
|
Batting: RHB Kagetoki Kawai
|
0-0: Called Strike 0-1: Ball 1-1: Ball 2-1: Foul Ball, location: 2F 2-2: Grounds into double play, 5-4-3 (Groundball, 5, EV 95.0 MPH)
|
Bottom of the 2nd over - 0 runs, 1 hit, 0 errors, 0 left on base; Hartford 1 - Dayton 0 |
TOP OF THE 3RD |
Hartford Yard Goats batting - Pitching for Dayton Dragons : RHP Gil Villanueva
|
Batting: RHB Zach Sommer
|
0-0: Ball 1-0: DOUBLE (Line Drive, 89D, EV 107.5 MPH)
|
Batting: RHB Yamashita Yagi
|
0-0: Ball 1-0: Called Strike 1-1: Ball 2-1: Foul Ball, location: 2F 2-2: Ball 3-2: SINGLE (Groundball, 3D, EV 93.8 MPH) Zach Sommer to third Runner from 3rd tries for Home, throw by RF and OUT! 9-2
|
Batting: RHB Matt Fabre
|
0-0: Ball 1-0: Fielders Choice at 2nd, 4-6 (Groundball, 4M, EV 90.6 MPH)
|
Batting: LHB Steve Gilliam
|
0-0: Called Strike 0-1: Ball 1-1: Swinging Strike 1-2: Ball 2-2: SINGLE (Groundball, 56D, EV 97.5 MPH) Matt Fabre to second
|
Batting: RHB Ernest Olkowicz
|
0-0: Ball 1-0: Fly out, F8 (Flyball, 8RD, EV 104.4 MPH)
|
Top of the 3rd over - 0 runs, 3 hits, 0 errors, 2 left on base; Hartford 1 - Dayton 0 |
BOTTOM OF THE 3RD |
Dayton Dragons batting - Pitching for Hartford Yard Goats : RHP Zach Sommer
|
Batting: RHB Cyd Carver
|
0-0: Ball 1-0: Ground out 1-3 (Groundball, 13S, EV 75.6 MPH)
|
Batting: RHB Danny Real
|
0-0: Ball 1-0: Ball 2-0: Ball 3-0: Called Strike 3-1: Ground out 6-3 (Groundball, 6S, EV 68.1 MPH)
|
Batting: RHB Randy Grewe
|
0-0: Ball 1-0: Swinging Strike 1-1: Ball 2-1: Ball 3-1: Fly out, F8 (Flyball, 8LM, EV 91.2 MPH)
|
Bottom of the 3rd over - 0 runs, 0 hits, 0 errors, 0 left on base; Hartford 1 - Dayton 0 |
TOP OF THE 4TH |
Hartford Yard Goats batting - Pitching for Dayton Dragons : RHP Gil Villanueva
|
Batting: LHB Zack Guillen
|
0-0: Called Strike 0-1: Swinging Strike 0-2: Ball 1-2: Strikes out looking
|
Batting: LHB Eric Ludwig
|
0-0: Ball 1-0: Ball 2-0: Swinging Strike 2-1: Ball 3-1: Base on Balls
|
Batting: LHB Mike Clark
|
0-0: Called Strike 0-1: Ball 1-1: Ball Wild Pitch! Eric Ludwig to second 2-1: Foul Ball, location: 2F 2-2: Strikes out swinging
|
Batting: RHB Max Schellekens
|
0-0: Ground out 5-3 (Groundball, 56S, EV 65.0 MPH)
|
Top of the 4th over - 0 runs, 0 hits, 0 errors, 1 left on base; Hartford 1 - Dayton 0 |
BOTTOM OF THE 4TH |
Dayton Dragons batting - Pitching for Hartford Yard Goats : RHP Zach Sommer
|
Batting: LHB Keith Egan
|
0-0: Swinging Strike 0-1: Called Strike 0-2: Ball 1-2: Ball 2-2: Fly out, F9 (Flyball, 9, EV 90.0 MPH)
|
Batting: SHB Tim Utz
|
0-0: Called Strike 0-1: Ball 1-1: Ball 2-1: Ball 3-1: Foul Ball, location: 2F 3-2: Strikes out swinging
|
Batting: RHB Mark Williams
|
0-0: DOUBLE (Flyball, 8LXD, EV 109.4 MPH)
|
Batting: RHB Frank Moron
|
0-0: Ball 1-0: Fly out, F4 (Popup, 3D, EV 66.2 MPH)
|
Bottom of the 4th over - 0 runs, 1 hit, 0 errors, 1 left on base; Hartford 1 - Dayton 0 |
TOP OF THE 5TH |
Hartford Yard Goats batting - Pitching for Dayton Dragons : RHP Gil Villanueva
|
Batting: RHB Zach Sommer
|
0-0: Ball 1-0: TRIPLE (Line Drive, 78XD, EV 105.0 MPH)
|
Batting: RHB Yamashita Yagi
|
0-0: Ball 1-0: Foul Ball, location: 2F 1-1: Ball 2-1: Foul Ball, location: 2F 2-2: Ball 3-2: Foul Ball, location: 2F 3-2: Foul Ball, location: 2F 3-2: Strikes out swinging
|
Batting: RHB Matt Fabre
|
0-0: Ball 1-0: Swinging Strike 1-1: 2-RUN HOME RUN (Flyball, 7LD, EV 88.1 MPH), Distance : 328 ft
|
Batting: LHB Steve Gilliam
|
0-0: Foul Ball, location: 2F 0-1: Ball 1-1: Ground out 5-3 (Groundball, 5, EV 88.1 MPH)
|
Batting: RHB Ernest Olkowicz
|
0-0: Ball 1-0: Called Strike 1-1: Ball 2-1: Ball 3-1: Reached on error, E4 (Groundball, 4, EV 82.5 MPH)
|
Batting: LHB Zack Guillen
|
0-0: Ground out 5-3 (Groundball, 25, EV 81.2 MPH)
|
Top of the 5th over - 2 runs, 2 hits, 1 error, 1 left on base; Hartford 3 - Dayton 0 |
BOTTOM OF THE 5TH |
Dayton Dragons batting - Pitching for Hartford Yard Goats : RHP Zach Sommer
|
Batting: SHB Alex Morales
|
0-0: Ball 1-0: Called Strike 1-1: Ball 2-1: Ground out 6-3 (Groundball, 4, EV 108.1 MPH)
|
Batting: RHB Kagetoki Kawai
|
0-0: Called Strike 0-1: Ball 1-1: Swinging Strike 1-2: Ball 2-2: Strikes out swinging
|
Batting: RHB Cyd Carver
|
0-0: Called Strike 0-1: Fly out, F8 (Line Drive, 8RM, EV 103.1 MPH)
|
Bottom of the 5th over - 0 runs, 0 hits, 0 errors, 0 left on base; Hartford 3 - Dayton 0 |
TOP OF THE 6TH |
Hartford Yard Goats batting - Pitching for Dayton Dragons : RHP Gil Villanueva
|
Batting: LHB Eric Ludwig
|
0-0: Ball 1-0: Ball 2-0: Swinging Strike 2-1: Ball 3-1: Base on Balls
|
Batting: LHB Mike Clark
|
0-0: Ball 1-0: Foul Ball, location: 2F 1-1: TRIPLE (Flyball, 78D, EV 105.6 MPH) Eric Ludwig scores
|
Batting: RHB Max Schellekens
|
0-0: Foul Ball, location: 2F 0-1: Ball 1-1: Ball 2-1: Ground out 3-1 (Groundball, 34, EV 100.6 MPH) Mike Clark scores
|
Batting: RHB Zach Sommer
|
0-0: Called Strike 0-1: Foul Ball, location: 2F 0-2: Foul Ball, location: 2F 0-2: Ground out 6-3 (Groundball, 6, EV 86.9 MPH)
|
Batting: RHB Yamashita Yagi
|
0-0: Called Strike 0-1: Ball 1-1: Foul Ball, location: 2F 1-2: Strikes out swinging
|
Top of the 6th over - 2 runs, 1 hit, 0 errors, 0 left on base; Hartford 5 - Dayton 0 |
BOTTOM OF THE 6TH |
Dayton Dragons batting - Pitching for Hartford Yard Goats : RHP Zach Sommer
|
Batting: RHB Danny Real
|
0-0: Ball 1-0: SOLO HOME RUN (Flyball, 7D, EV 96.2 MPH), Distance : 365 ft
|
Batting: RHB Randy Grewe
|
0-0: Ball 1-0: Called Strike 1-1: Foul Ball, location: 2F 1-2: Ball 2-2: DOUBLE (Line Drive, 8RXD, EV 99.4 MPH)
|
Batting: LHB Keith Egan
|
0-0: Ball 1-0: Swinging Strike 1-1: Ball Randy Grewe steals 3rd, throwing error, E2 Randy Grewe scores 2-1: Ball 3-1: Base on Balls
|
Batting: SHB Tim Utz
|
0-0: Called Strike 0-1: Ball 1-1: Swinging Strike 1-2: Foul Ball, location: 2F 1-2: Strikes out looking
|
Batting: RHB Mark Williams
|
0-0: Ball 1-0: TRIPLE (Line Drive, 9LD, EV 107.5 MPH) Keith Egan scores
|
Batting: RHB Frank Moron
|
0-0: Ball 1-0: Ball 2-0: Ball 3-0: Base on Balls
|
Batting: SHB Alex Morales
|
0-0: Ball 1-0: Swinging Strike 1-1: SINGLE (Line Drive, 6MD, EV 96.2 MPH) Mark Williams scores Frank Moron to second
|
Pitching: RHP Alberto Cordovi
|
|
Pinch Hitting: LHB Fernando Gomez
|
0-0: Ball 1-0: Called Strike 1-1: Ball 2-1: Ball 3-1: Base on Balls Frank Moron to third Alex Morales to second
|
Pinch Hitting: RHB Juan Zamora
|
0-0: Ball 1-0: Foul Ball, location: 2F 1-1: Called Strike 1-2: Foul Ball, location: 2F 1-2: Strikes out swinging
|
Batting: RHB Danny Real
|
0-0: Ball 1-0: Called Strike 1-1: Ball 2-1: Foul Ball, location: 2F 2-2: Ground out 5-3 (Groundball, 56S, EV 81.2 MPH)
|
Bottom of the 6th over - 4 runs, 4 hits, 1 error, 3 left on base; Hartford 5 - Dayton 4 |
TOP OF THE 7TH |
Hartford Yard Goats batting - Pitching for Dayton Dragons : RHP Gil Villanueva
|
Pitching: RHP Kevin Larner
|
|
Now at SS: Juan Zamora
|
|
Now in CF: Jonathan Davis
|
|
Batting: RHB Matt Fabre
|
0-0: Ball 1-0: Foul Ball, location: 2F 1-1: Ball 2-1: Called Strike 2-2: Foul Ball, location: 2F 2-2: Ball 3-2: Strikes out swinging
|
Batting: LHB Steve Gilliam
|
0-0: Called Strike 0-1: TRIPLE (Line Drive, 9LD, EV 106.2 MPH)
|
Batting: RHB Ernest Olkowicz
|
0-0: Ball 1-0: Ball 2-0: Called Strike 2-1: Ball 3-1: Called Strike 3-2: Strikes out swinging
|
Batting: LHB Zack Guillen
|
0-0: Ball 1-0: Ball 2-0: Ball 3-0: Base on Balls
|
Batting: LHB Eric Ludwig
|
0-0: Ball 1-0: Called Strike 1-1: Ball 2-1: Ground out 4-3 (Groundball, 34, EV 85.0 MPH)
|
Top of the 7th over - 0 runs, 1 hit, 0 errors, 2 left on base; Hartford 5 - Dayton 4 |
BOTTOM OF THE 7TH |
Dayton Dragons batting - Pitching for Hartford Yard Goats : RHP Alberto Cordovi
|
Pitching: LHP Ruben Nunez
|
|
Batting: RHB Randy Grewe
|
0-0: SOLO HOME RUN (Flyball, 7D, EV 93.1 MPH), Distance : 356 ft
|
Pinch Hitting: RHB Yasusaburo Kuwahara
|
0-0: Called Strike 0-1: Foul Ball, location: 2F 0-2: Strikes out swinging
|
Batting: SHB Tim Utz
|
0-0: Ball 1-0: Ball 2-0: Foul Ball, location: 2F 2-1: Foul Ball, location: 2F 2-2: Ground out 1-3 (Groundball, P, EV 65.6 MPH)
|
Batting: RHB Mark Williams
|
0-0: Called Strike 0-1: Ball 1-1: Ball 2-1: Ball 3-1: SINGLE (Groundball, 34D, EV 111.2 MPH)
|
Batting: RHB Frank Moron
|
0-0: Ball Mark Williams steals 2nd base 1-0: Foul Ball, location: 2F 1-1: Called Strike 1-2: Ball 2-2: Ball 3-2: Strikes out swinging
|
Bottom of the 7th over - 1 run, 2 hits, 0 errors, 1 left on base; Hartford 5 - Dayton 5 |
TOP OF THE 8TH |
Hartford Yard Goats batting - Pitching for Dayton Dragons : RHP Kevin Larner
|
Pitching: RHP Tyrese Barnett
|
|
Now at 2B: Yasusaburo Kuwahara
|
|
Now in LF: Mark Williams
|
|
Batting: LHB Mike Clark
|
0-0: Ball 1-0: Ground out 4-3 (Groundball, 4, EV 86.2 MPH)
|
Batting: RHB Max Schellekens
|
0-0: Foul Ball, location: 2F 0-1: Ground out 5-3 (Groundball, 5S, EV 88.8 MPH)
|
Batting: RHB Zach Sommer
|
0-0: Called Strike 0-1: Ball 1-1: Ball 2-1: Ball 3-1: Fly out, F9 (Flyball, 89M, EV 94.4 MPH)
|
Top of the 8th over - 0 runs, 0 hits, 0 errors, 0 left on base; Hartford 5 - Dayton 5 |
BOTTOM OF THE 8TH |
Dayton Dragons batting - Pitching for Hartford Yard Goats : LHP Ruben Nunez
|
Batting: SHB Alex Morales
|
0-0: Fly out, F9 (Flyball, 9D, EV 103.8 MPH)
|
Batting: RHB Jonathan Davis
|
0-0: Ground out 5-3 (Groundball, 56, EV 83.8 MPH)
|
Batting: RHB Juan Zamora
|
0-0: Ground out 5-3 (Groundball, 56, EV 91.2 MPH)
|
Bottom of the 8th over - 0 runs, 0 hits, 0 errors, 0 left on base; Hartford 5 - Dayton 5 |
TOP OF THE 9TH |
Hartford Yard Goats batting - Pitching for Dayton Dragons : RHP Tyrese Barnett
|
Pitching: RHP Giovonni Morgia
|
|
Batting: RHB Yamashita Yagi
|
0-0: Swinging Strike 0-1: Ground out 4-3 (Groundball, 4, EV 85.0 MPH)
|
Batting: RHB Matt Fabre
|
0-0: Ball 1-0: Called Strike 1-1: Ball 2-1: Ball 3-1: Base on Balls
|
Batting: LHB Steve Gilliam
|
0-0: Ball Matt Fabre steals 2nd base 1-0: Ball 2-0: Ball 3-0: Called Strike 3-1: Base on Balls
|
Batting: RHB Ernest Olkowicz
|
0-0: Ball Matt Fabre steals 3rd base Steve Gilliam to second 1-0: Called Strike 1-1: Foul Ball, location: 2F 1-2: Strikes out swinging
|
Batting: LHB Zack Guillen
|
0-0: Intentional Walk
|
Batting: LHB Eric Ludwig
|
0-0: Ball 1-0: Ball 2-0: Swinging Strike 2-1: Foul Ball, location: 2F 2-2: Strikes out swinging
|
Top of the 9th over - 0 runs, 0 hits, 0 errors, 3 left on base; Hartford 5 - Dayton 5 |
BOTTOM OF THE 9TH |
Dayton Dragons batting - Pitching for Hartford Yard Goats : LHP Ruben Nunez
|
Pitching: RHP Jim Butler
|
|
Batting: RHB Danny Real
|
0-0: Ball 1-0: Ball 2-0: Foul Ball, location: 2F 2-1: Foul Ball, location: 2F 2-2: Strikes out swinging
|
Batting: RHB Randy Grewe
|
0-0: Ball 1-0: Swinging Strike 1-1: Called Strike 1-2: Strikes out swinging
|
Batting: RHB Yasusaburo Kuwahara
|
0-0: Fly out, F8 (Line Drive, 8LD, EV 90.6 MPH)
|
Bottom of the 9th over - 0 runs, 0 hits, 0 errors, 0 left on base; Hartford 5 - Dayton 5 |
TOP OF THE 10TH |
Hartford Yard Goats batting - Pitching for Dayton Dragons : RHP Giovonni Morgia
|
Batting: LHB Mike Clark
|
0-0: Called Strike 0-1: Swinging Strike 0-2: Ball 1-2: Strikes out swinging
|
Batting: RHB Max Schellekens
|
0-0: Ball 1-0: SOLO HOME RUN (Flyball, 7LD, EV 88.8 MPH), Distance : 327 ft
|
Batting: RHB Zach Sommer
|
0-0: Ball 1-0: Foul Ball, location: 2F 1-1: Foul Ball, location: 2F 1-2: Fly out, F7 (Flyball, 78S, EV 83.8 MPH)
|
Batting: RHB Yamashita Yagi
|
0-0: Ball 1-0: Ball 2-0: Ball 3-0: Base on Balls
|
Batting: RHB Matt Fabre
|
0-0: Ball 1-0: Foul Ball, location: 2F 1-1: SINGLE (Line Drive, 7LS, EV 112.5 MPH) Yamashita Yagi to second
|
Pinch Runner at 2nd Justin Pellman:
|
|
Batting: LHB Steve Gilliam
|
0-0: Called Strike 0-1: Foul Ball, location: 2F 0-2: Foul Ball, location: 2F 0-2: Foul Ball, location: 2F 0-2: Ground out 6-3 (Groundball, 6M, EV 86.9 MPH)
|
Top of the 10th over - 1 run, 2 hits, 0 errors, 2 left on base; Hartford 6 - Dayton 5 |
BOTTOM OF THE 10TH |
Dayton Dragons batting - Pitching for Hartford Yard Goats : RHP Jim Butler
|
Now at C: Chris Kinder
|
|
Batting: SHB Tim Utz
|
0-0: Swinging Strike 0-1: Ball 1-1: Ball 2-1: Swinging Strike 2-2: Ball 3-2: Strikes out looking
|
Batting: RHB Mark Williams
|
0-0: Foul Ball, location: 2F 0-1: Foul Ball, location: 2F 0-2: Ball 1-2: Ground out 4-3 (Groundball, 34, EV 103.1 MPH)
|
Batting: RHB Frank Moron
|
0-0: Called Strike 0-1: Swinging Strike 0-2: Strikes out swinging, 2-3 out at first.
|
Bottom of the 10th over - 0 runs, 0 hits, 0 errors, 0 left on base; Hartford 6 - Dayton 5 |
|